 Dungeon Crawl Stone Soup version 0.22-a0-406-g9ff8d77 (webtiles) character file.

145 dstrtnsr the Shield-Bearer (level 5, -15/49 HPs)
             Began as a Deep Dwarf Fighter on May 8, 2018.
             Demolished by Menkaure (17 damage)
             ... on level 4 of the Dungeon.
             The game lasted 00:01:11 (871 turns).

dstrtnsr the Shield-Bearer (Deep Dwarf Fighter)      Turns: 871, Time: 00:01:12

Health: -15/49     AC:  7    Str: 20    XL:     5   Next: 6%
Magic:  5/5        EV:  7    Int:  9    God:
Gold:   129        SH:  9    Dex: 12    Spells: 4/4 levels left

rFire    . . .     SeeInvis .   a - +0 war axe
rCold    + . .     Gourm    .   g - +0 shield
rNeg     . . .     Faith    .   b - +0 scale mail
rPois    .         Spirit   .   (no helmet)
rElec    .         Reflect  .   (no cloak)
rCorr    .         Harm     .   (no gloves)
MR       .....                  (no boots)
Stlth    ..........             (no amulet)
HPRegen  0.00/turn              c - ring of protection from cold
MPRegen  0.09/turn              (no ring)

@: non-regenerating
A: damage resistance, heal wounds, sense surroundings 1, no regeneration
a: Heal Wounds


You were on level 4 of the Dungeon.
You were not hungry.

You visited 1 branch of the dungeon, and saw 4 of its levels.

You collected 129 gold pieces.

Inventory:

Hand Weapons
 a - a +0 war axe (weapon)
Armour
 b - a +0 scale mail (worn)
 g - a +0 shield (worn)
Jewellery
 c - a ring of protection from cold (left hand)
Scrolls
 h - a scroll of fog {unknown}
 j - 4 scrolls of identify {unknown}
 l - a scroll of remove curse {unknown}
 m - a scroll of magic mapping {unknown}
 n - a scroll of random uselessness {unknown}
 q - a scroll of teleportation {unknown}
Potions
 d - a potion of might
 i - a potion of agility {unknown}
 k - a potion of mutation {unknown}
 o - a potion of brilliance {unknown}
 p - a potion of curing {@qq}
Comestibles
 e - 3 rations {!d}
 f - 18 chunks of flesh


   Skills:
 + Level 3.4 Fighting
 * Level 3.8 Axes
 + Level 4.1 Armour
 + Level 4.1 Shields


You had 4 spell levels left.
You didn't know any spells.

Dungeon Overview and Level Annotations

Branches:
Dungeon (4/15)
 Temple: D:4-7

Altars:
Kikubaaqudgha
Trog
Uskayaw
Wu Jian
Zin
The Shining One

Annotations:
D:4 Menkaure


Innate Abilities, Weirdness & Mutations

You are resistant to damage.
You can heal yourself by infusing magical energy.
You passively map a small area around you.
You do not regenerate.


Message History

Robin closely misses you.
You slash the hobgoblin!
You kill the hobgoblin!
You barely miss Robin.
Robin points. "Kill!"
Robin barely misses you.
You hit Robin but do no damage.
Robin is lightly wounded.
Robin hits you but does no damage.
You hit Robin.
Robin is heavily wounded.
Robin hits you with a falchion. You block Robin's attack.
You barely miss Robin.
Robin is heavily wounded.
You block Robin's attack.
You hit Robin.
Robin is severely wounded.
Robin hits you but does no damage.
You hit Robin.
You kill Robin!
You have reached level 5!
You butcher the goblin corpse.
f - 5 chunks of flesh (gained 1)
You see here a goblin skeleton. x2
You butcher the goblin corpse.
f - 6 chunks of flesh (gained 1)
Things that are here:
a club; a hobgoblin corpse; a goblin corpse You butcher the hobgoblin corpse.
f - 9 chunks of flesh (gained 3)
You butcher the goblin corpse.
f - 12 chunks of flesh (gained 3)
Things that are here:
a club; a goblin skeleton
Things that are here:
a club; a goblin skeleton
Items here: ))) [[ ††† You butcher the hobgoblin corpse of Robin.
f - 14 chunks of flesh (gained 2)
You butcher the hobgoblin corpse.
f - 18 chunks of flesh (gained 4)
You butcher the hobgoblin corpse.
f - 19 chunks of flesh (gained 1)
Items here: ))) [[ a falchion; an animal skin; a helmet; a club x2
Items here: ))) [[ a falchion; an animal skin; a helmet; a club x2
Menkaure, Prince of Dust comes into view.
Menkaure shouts!
Menkaure calls on the powers of darkness!
Your body is wracked with pain!
Menkaure is nearby!
Menkaure is nearby!
Menkaure is nearby!
Menkaure is nearby!
Unknown command.
Unknown command.
You feel much better.
Unknown command.
Menkaure hits you!
Your shield prevents you from hitting Menkaure.
Menkaure calls on the powers of darkness!
Your body is wracked with pain!
Some of the chunks of flesh in your inventory have rotted away.
You closely miss Menkaure. Menkaure hits you.
Your shield and scale mail prevent you from hitting Menkaure.
Menkaure hits you.
Menkaure calls on the powers of darkness!
Your body is wracked with pain!
* * * LOW HITPOINT WARNING * * *
Unknown command.
You are too injured to fight recklessly!
Unknown command.
You are too injured to fight recklessly!
Unknown command.
You are too injured to fight recklessly!
Unknown command.
You are too injured to fight recklessly!
You are too injured to fight recklessly!
You are too injured to fight recklessly!
You are too injured to fight recklessly!
Unknown command.
You are too injured to fight recklessly!
You are too injured to fight recklessly!
Unknown command.
You barely miss Menkaure.
Menkaure points at you and mumbles some strange words.
You struggle to resist.
You hit Menkaure.
Menkaure is lightly damaged.
Menkaure hits you!
* * * LOW HITPOINT WARNING * * *
You hit Menkaure.
Menkaure is moderately damaged.
Menkaure gestures wildly while chanting.
Menkaure seems to speed up.
You slash Menkaure!
Menkaure is severely damaged.
Menkaure hits you!!
You die...

*,### ##........### #<#
#.####.#....
#.##############.# #.#.###
* #................#
#.#.... *
#####################.#####
, , #.............#...# , ,
#.###..######.###.# ,
#.###..# #.# #.# #..M@..#
#.# #.# ......###.#
##)###.### * , ##### * #.#*
#.).##.#.. ...* #..÷##.#.#
, , ...#* #...##.#.# , ....
#......#.# * ,
....+.......... * , ,
,,,#########.# , , , #...


You could see Menkaure.

Vanquished Creatures
  The ghost of psellion the Skirmisher, an amateur DsAK of Lugonu (D:3)
  Robin (D:4)
  An adder (D:2)
  2 dart slugs
  A leopard gecko (D:3)
  An orc (D:3)
  2 ball pythons
  A bat (D:3)
  2 giant cockroaches (D:1)
  8 goblins
  6 hobgoblins
  A quokka (D:3)
  2 frilled lizards
  4 kobolds
  2 rats
35 creatures vanquished.

Notes
Turn   | Place    | Note
-------+----------+-------------------------------------------
     0 | D:1      | dstrtnsr the Deep Dwarf Fighter began the quest for the Orb.
     0 | D:1      | Reached XP level 1. HP: 20/20 MP: 1/1
   102 | D:1      | Reached XP level 2. HP: 25/27 MP: 2/2
   291 | D:2      | Found a glowing silver altar of Zin.
   293 | D:2      | Found an ornate altar of the Wu Jian Council.
   297 | D:2      | Found a glowing golden altar of the Shining One.
   301 | D:2      | Found an ancient bone altar of Kikubaaqudgha.
   301 | D:2      | Found a hide-covered altar of Uskayaw.
   302 | D:2      | Found a bloodstained altar of Trog.
   426 | D:3      | Reached XP level 3. HP: 32/34 MP: 3/3
   580 | D:3      | Noticed psellion's ghost (amateur DsAK)
   592 | D:3      | HP: 10/34 [psellion's ghost (4)]
   595 | D:3      | Killed psellion's ghost
   595 | D:3      | Reached XP level 4. HP: 42/42 MP: 4/4
   819 | D:4      | Noticed Robin
   837 | D:4      | Killed Robin
   837 | D:4      | Reached XP level 5. HP: 37/49 MP: 5/5
   856 | D:4      | Noticed Menkaure
   865 | D:4      | HP: 19/49 [??? (15)]
   869 | D:4      | HP: 2/49 [Menkaure (11)]
   871 | D:4      | Demolished by Menkaure

Vault maps used:
D:1:      ncdulo_halloftheorcs, kennysheep_decorative_pillar
D:2:      kennysheep_big_flooded_room, grunt_temple_overflow_open
D:3:      mrwooster_statue_mirror, patterned_corridor
D:4:      uniq_eustachio, uniq_ijyb, uniq_robin, uniq_menkaure

Skill      XL: |  1  2  3 |
---------------+----------+-----
Fighting       | 3 |  3.4
Axes           | 3 |  3.8
Armour         | 4 |  4.1
Shields        | 4 |  4.1

Action                   |  1- 3 |  4- 6 || total
-------------------------+-------+-------++-------
Melee: War axe           |    76 |    38 ||   114
 Abil: Heal Wounds       |     1 |     1 ||     2
Armor: Scale mail        |    27 |    17 ||    44
Dodge: Dodged            |    28 |     9 ||    37
Block: Shield            |    41 |    13 ||    54

Table legend:
 A = Spawn XP
 B = Non-spawn XP
 C = Spawn XP percentage of total XP
 D = Spawn monster count
 E = Non-spawn monster count
 F = Spawn count percentage of total count
 G = Total turns spent on level
                    A         B        C        D         E        F      G
               +---------+---------+-------+---------+---------+-------+---------
         Total |       0 |     208 |   0.0 |       0 |      35 |   0.0 |   871
               +---------+---------+-------+---------+---------+-------+---------
           D:1 |       0 |      13 |   0.0 |       0 |       8 |   0.0 |   107
           D:2 |       0 |      27 |   0.0 |       0 |       9 |   0.0 |   315
           D:3 |       0 |     142 |   0.0 |       0 |      11 |   0.0 |   297
           D:4 |       0 |      26 |   0.0 |       0 |       7 |   0.0 |   152
               +---------+---------+-------+---------+---------+-------+---------
